 Dungeon Crawl Stone Soup version 0.18-a0-1685-g4482fe3 (webtiles) character file.

674194 inmateoo the Middleweight Champion (level 27, 0/268 HPs)
             Began as a Ghoul Monk on Apr 5, 2016.
             Was the Champion of Cheibriados.
             Slain by a wolf spider (23 damage)
             ... on level 11 of a ziggurat.
             The game lasted 02:34:25 (55093 turns).

inmateoo the Middleweight Champion (Ghoul Monk)    Turns: 55093, Time: 02:34:26

Health: 0/268      AC:  0    Str: 42 (43) XL:     27
Magic:  4/40       EV: 15    Int: 15      God:    Cheibriados [******]
Gold:   6626       SH:  0    Dex: 33      Spells: 7 memorised, 29 levels left

rFire  + . .     SeeInvis +       - Unarmed
rCold  + + .     Gourm    .     R - +2 chain mail of Dyspraxia {rElec rPois Regen+ Int-5}
rNeg   + + +     Faith    .     v - +2 buckler {rC+}
rPois  ∞         Spirit   .     g - +0 mask of the Dragon {MR+ Slay+3 SInv}
rElec  +         Dismiss  .     a - +2 cloak {MR+}
rCorr  .         Reflect  .     j - +2 pair of gloves
SustAt .         Harm     .     w - +2 pair of boots
MR     ++++.                    K - amulet of Vitality {Regen+ HP+15}
Stlth  ..........               z - ring of protection from fire
                                n - ring "Qityenom" {EV+3 Dex+7}

@: corroded, very slightly contaminated, held, rotting, repel missiles, very
slow, incredibly resistant to hostile enchantments, extremely unstealthy
A: rotting body, claws 1, carnivore 3, cold resistance 1, negative energy
resistance 3, slow regeneration 1, torment resistance, unbreathing
a: Bend Time, Temporal Distortion, Slouch, Step From Time, Renounce Religion
}: 4/15 runes: serpentine, barnacled, slimy, silver


You were on level 11 of a ziggurat.
You worshipped Cheibriados.
Cheibriados was exalted by your worship.
You were not hungry.

You visited 12 branches of the dungeon, and saw 57 of its levels.
You visited 1 ziggurat, and saw 11 of its levels.
You also visited: Labyrinth, Trove and Ice Cave.

You collected 8981 gold pieces.
You spent 2355 gold pieces at shops.

Inventory:

Armour
 a - a +2 cloak of magic resistance (worn)
 g - the +0 mask of the Dragon (worn) {MR+ Slay+3 SInv}
   (You acquired it on level 6 of the Lair of Beasts)

   It affects your accuracy and damage with ranged weapons and melee attacks
   (+3).
   It affects your resistance to hostile enchantments.
   It lets you see invisible.
 j - a +2 pair of gloves (worn)
 v - a +2 buckler of cold resistance (worn)
 w - a +2 pair of boots (worn)
 Q - a +3 fire dragon armour
 R - the +2 chain mail of Dyspraxia (worn) {rElec rPois Regen+ Int-5}
   (You bought it in a shop on level 2 of the Orcish Mines)

   It affects your intelligence (-5).
   It insulates you from electricity.
   It protects you from poison.
   It increases your rate of regeneration.
Magical Staves
 e - an uncursed staff of air
Jewellery
 h - an uncursed ring of protection from cold
 k - a +3 amulet of reflection
 m - an uncursed ring of protection from magic
 n - the ring "Qityenom" (left hand) {EV+3 Dex+7}
   (You found it on level 3 of the Elven Halls)

   [ring of evasion]

   It affects your evasion (+3).
   It affects your dexterity (+7).
 p - an uncursed ring of resist corrosion
 z - a ring of protection from fire (right hand)
 K - the amulet of Vitality (around neck) {Regen+ HP+15}
   (You found it on level 6 of the Pits of Slime)

   [amulet of regeneration]

   It affects your health (+15).
   It increases your rate of regeneration.
Wands
 q - a wand of digging (11/24)
 D - a wand of disintegration (9/24)
 I - a wand of heal wounds (1/9)
 M - a wand of iceblast (0/15)
 Y - a wand of lightning (0/15)
Scrolls
 c - 26 scrolls of remove curse
 d - 5 scrolls of enchant armour
 o - 11 scrolls of amnesia
 x - 8 scrolls of fog
 y - 20 scrolls of teleportation
 A - 4 scrolls of torment
 E - 6 scrolls of fear
 G - 7 scrolls of recharging
 N - 2 scrolls of silence
 T - 10 scrolls of identify
 X - 3 scrolls of blinking
 Z - 4 scrolls of magic mapping
Potions
 i - 6 potions of agility
 l - 2 potions of resistance
 r - 19 potions of curing
 s - 3 potions of magic
 t - 15 potions of flight
 B - 5 potions of ambrosia
 H - 13 potions of brilliance
 J - 7 potions of cancellation
 O - 3 potions of invisibility
 S - a potion of might
 U - 3 potions of heal wounds
Miscellaneous
 u - a legendary deck of defence {the Elixir, drawn: 3}
 F - a sack of spiders {used: 9}
Comestibles
 b - 31 meat rations
 f - 8 slices of pizza
 C - 3 royal jellies
 L - 2 beef jerkies
 P - a chunk of flesh


   Skills:
 + Level 21.7 Fighting
 + Level 17.1 Armour
 + Level 13.5 Dodging
 - Level 2.1 Stealth
 - Level 13.3 Shields
 O Level 27 Unarmed Combat
 + Level 14.7 Spellcasting
 - Level 8.4 Translocations
 * Level 16.4 Air Magic
 - Level 10.1 Invocations


You had 29 spell levels left.
You knew the following spells:

 Your Spells              Type           Power        Failure   Level  Hunger
a - Repel Missiles        Chrm/Air       #####.       1%          2    None
b - Blink                 Tloc           N/A          1%          2    None
c - Apportation           Tloc           #####.....   1%          1    None
d - Shroud of Golubria    Chrm/Tloc      ###.......   4%          2    None
e - Passage of Golubria   Tloc           N/A          4%          4    ##.....
f - Tornado               Air            ######....   100%        9    #######
g - Deflect Missiles      Chrm/Air       #####.....   80%         6    ######.


Dungeon Overview and Level Annotations

Branches:
Dungeon (15/15)            Temple (0/1) D:7            Lair (8/8) D:9
 Shoals (4/4) Lair:5        Snake (4/4) Lair:4        Slime (6/6) Lair:8
    Orc (2/2) D:9             Elf (3/3) Orc:2        Vaults (5/5) D:13
  Crypt (3/3) Vaults:3       Tomb (0/3) Crypt:3      Depths (5/5) D:15
   Hell (1/1)                 Geh (1/7) Hell            Zot (0/5) Depths:5
    Dis: Hell:1         Coc: Hell:1         Tar: Hell:1

Altars:
Cheibriados
Dithmenos
Elyvilon
Fedhas
Gozag
Kikubaaqudgha
Makhleb
Nemelex Xobeh
Pakellas
Ru
Trog
Vehumet
Xom
Yredelemnul
Zin

Shops:
D:4 (   D:7 ?   D:8 ?   D:9 (   D:10 [   D:11 *   Orc:2 :(*[   Snake:3 !
Depths:5 %

Portals:
Hell: Depths:1 Depths:3 Depths:4 Depths:5
Abyss: Depths:3 Depths:4
Pandemonium: Depths:3

Annotations:
Lair:5 1 exclusion
Elf:2 5 runed doors


Innate Abilities, Weirdness & Mutations

Your body is rotting away.
You thrive on raw meat.
You are immune to poison.
You have sharp fingernails.
You are carnivorous and can eat meat at any time.
Your flesh is cold resistant.
You are immune to negative energy.
You regenerate slowly when monsters are visible.
You are immune to unholy pain and torment.
You can survive without breathing.


Message History

Aim: an entropy weaver (grey smoke, almost dead)
You hear a mighty clap of thunder!
The bolt of lightning misses the wolf spider.
The bolt of lightning hits the entropy weaver.
The entropy weaver is almost dead.
Evoking this partially-identified wand wasted a few charges.
The emperor scorpion stings you!!
* * * LOW HITPOINT WARNING * * *
The emperor scorpion claws you!
* * * LOW HITPOINT WARNING * * *
The emperor scorpion claws you!
* * * LOW HITPOINT WARNING * * *
Unknown command.
Unknown command.
Unknown command.
Drink which item? (? for menu, Esc to quit)
Okay, then.
Drink which item? (? for menu, Esc to quit)
You feel much better. The wolf spider hits you!!
You die...

...... ......
▓▓▓▓▓▓▓..§...
▓@s§.........
▓psss........
▓ss§.......#.
▓s...........
▓∩.ss....##.#
▓.p†.......p.
▓s.†.......#.
▓s†..........
▓.s..........


You could see an emperor scorpion, an entropy weaver, 2 wolf spiders, an orb
spider and a jumping spider.

Vanquished Creatures
  the Royal Jelly (Slime:6)
  Dissolution (Slime:1)
  An ancient lich (Crypt:2)
  2 juggernauts
  Mennas (Crypt:1)
  4 greater mummies
  Saint Roka (Vaults:4)
  Geryon (Hell)
  A Tzitzimitl (Depths:2)
  2 bone dragons
  Rupert (D:15)
  An Ice Fiend (Geh:1)
  2 Hell Sentinels (Zig:6)
  4 tentacled monstrosities
  2 quicksilver dragons
  3 deep elf blademasters (Elf:3)
  4 liches
  Asterion (Elf:2)
  5 titans (Vaults:5)
  A deep elf master archer (Elf:3)
  Polyphemus (Shoals:2)
  17 acid blobs
  A kraken (Shoals:1)
  7 sphinxes
  7 shadow dragons
  Kirke (D:13)
  The ghost of Aksel the Executioner, an adept HOFi of Beogh (Snake:4)
  2 tengu reavers
  6 ancient champions
  Ilsuiw (Shoals:4)
  A draconian monk (Depths:5)
  7 storm dragons
  Wiglaf (Crypt:2)
  A frost giant (shapeshifter) (Vaults:4)
  20 azure jellies
  10 greater nagas
  9 fire giants
  6 frost giants
  5 revenants
  3 orc warlords
  23 vault wardens
  2 ghost moths (Zig:11)
  A juggernaut zombie (Depths:3)
  9 deep elf sorcerers
  12 ghouls
  4 deep elf elementalists (Elf:3)
  3 reapers
  2 balrugs (Geh:1)
  2 curse skulls
  16 ironheart preservers
  A draconian annihilator (Depths:5)
  39 very ugly things
  25 stone giants
  7 war gargoyles
  A caustic shrike skeleton (Crypt:2)
  An apis (shapeshifter) (Vaults:4)
  5 salamander stormcallers
  A black draconian (Depths:5)
  7 vampire knights
  13 deep elf annihilators
  A yellow draconian (Depths:5)
  A dire elephant (D:15)
  8 deep elf demonologists
  A red draconian (Depths:5)
  A large abomination (Elf:3)
  3 mottled draconians (Depths:5)
  A white draconian (Depths:5)
  2 spark wasps (Depths:3)
  2 green deaths
  A blizzard demon (Hell)
  11 deep elf death magi
  5 merfolk javelineers
  6 death oozes (Slime:6)
  9 merfolk impalers
  2 eidola
  16 ettins
  A minotaur (Lab)
  10 mummy priests
  11 jiangshi
  14 great orbs of eyes
  10 fire dragons
  33 vault guards
  20 yaktaur captains
  11 entropy weavers
  A hydra (shapeshifter) (Depths:5)
  An entropy weaver (shapeshifter) (Vaults:4)
  5 hydras
  10 deep elf high priests
  19 naga warriors
  A hell beast (Depths:5)
  5 spriggan air magi
  Erica (D:10)
  2 rakshasas
  2 merfolk avatars
  12 ice dragons
  2 alligator snapping turtles
  3 merfolk aquamancers (Shoals:4)
  10 centaur warriors
  A satyr (shapeshifter) (Vaults:5)
  11 anacondas
  6 catoblepae
  13 dancing weapons
  17 ogre magi
  15 tengu warriors
  8 deep troll shamans
  4 spriggan berserkers
  8 death knights
  8 vampire magi
  22 death yaks
  7 hell hogs
  5 orc high priests
  10 shock serpents
  9 naga sharpshooters
  7 soul eaters
  10 deep elf knights
  10 deep troll earth magi
  A small abomination (Elf:3)
  A shock serpent (shapeshifter) (Vaults:4)
  7 sun demons
  A titan zombie (Depths:3)
  A spriggan (Depths:3)
  10 hell knights
  Nergalle (D:11)
  3 storm dragon zombies
  4 death drakes
  4 iron trolls
  A spark wasp zombie (Depths:2)
  3 fire crabs
  2 salamander mystics
  7 shadow wraiths
  19 skeletal warriors
  3 unseen horrors
  8 sea snakes
  A spectral anaconda (Depths:2)
  2 storm dragon skeletons
  A death scarab (Zig:10)
  A deep troll (shapeshifter) (Depths:3)
  5 giant orange brains
  6 naga ritualists
  An anaconda zombie (Hell)
  40 deep trolls
  6 flayed ghosts
  A golden dragon zombie (Zig:6)
  Pikel (D:5)
  3 orange crystal statues
  2 anaconda skeletons
  8 hill giants
  14 ironbrand convokers
  19 necromancers
  15 phantasmal warriors
  13 harpies
  A tengu zombie (Depths:2)
  2 iron dragon zombies
  55 deep elf magi
  8 deep elf archers
  3 anubis guards (Zig:10)
  14 orc sorcerers
  2 wizards
  2 sphinx zombies
  5 fire giant zombies
  22 orc knights
  12 wolf spiders
  2 salamanders (shapeshifter)
  7 mana vipers
  3 hornets (shapeshifter)
  A mana viper (shapeshifter) (Vaults:5)
  47 ugly things
  2 shadow dragon skeletons
  7 shining eyes
  12 griffons
  4 hornets
  20 salamanders
  A frost giant skeleton (Vaults:3)
  3 moths of wrath
  2 stone giant zombies
  11 manticores
  8 cyclopes
  A shock serpent zombie (Crypt:2)
  9 water nymphs
  13 sirens
  22 elephants
  2 rust devils
  4 guardian serpents
  A guardian serpent (shapeshifter) (Depths:2)
  3 stone giant skeletons
  A titan simulacrum (Crypt:2)
  36 black mambas
  2 fire giant skeletons
  Maurice (D:10)
  A torpor snail (shapeshifter) (Elf:3)
  4 eyes of devastation
  An iron dragon skeleton (Geh:1)
  18 vault sentinels
  27 naga magi
  A torpor snail (Zig:11)
  3 ice statues
  4 gargoyles
  3 hellions
  2 shock serpent skeletons
  10 spiny frogs
  8 komodo dragons
  A spark wasp simulacrum (Depths:2)
  3 tormentors
  14 freezing wraiths
  A mottled draconian skeleton (Crypt:3)
  A red draconian skeleton (Geh:1)
  A spectral merfolk (Depths:2)
  3 kobold demonologists
  66 yaktaurs
  2 ice devils
  3 yaktaur skeletons
  A yaktaur (shapeshifter) (Vaults:2)
  29 guardian mummies
  An elf zombie (Depths:5)
  2 harpy zombies (Shoals:3)
  A hydra zombie (Hell)
  5 tengu conjurers
  A demonic crawler (Zig:11)
  A spriggan druid (Lair:5)
  A golden dragon simulacrum (Depths:5)
  A spriggan zombie (Depths:2)
  An efreet (D:10)
  6 polar bears
  3 jumping spiders
  8 red devils
  Eustachio (D:4)
  3 wind drakes
  15 trolls
  28 two-headed ogres
  Prince Ribbit (D:5)
  A tengu simulacrum (Vaults:4)
  34 merfolk
  6 raiju (Depths:2)
  A two-headed ogre (shapeshifter) (Vaults:1)
  140 slime creatures
  A death drake skeleton (Crypt:2)
  3 boulder beetles
  A griffon zombie (Shoals:3)
  A jumping spider zombie (Crypt:1)
  A frost giant simulacrum (Depths:3)
  A minotaur skeleton (Geh:1)
  A moth of wrath zombie (Crypt:1)
  8 snapping turtles
  23 blink frogs
  2 bog bodies
  A tarantella zombie (Crypt:1)
  A fire giant simulacrum (Hell)
  3 ettin zombies
  A stone giant simulacrum (Vaults:1)
  2 hornet zombies
  10 ushabtiu (Crypt:3)
  Duvessa (D:4)
  5 air elementals
  3 tarantellas
  Sigmund (D:5)
  18 water elementals
  An alligator skeleton (Crypt:2)
  14 flying skulls
  2 ettin skeletons (Crypt:2)
  18 wraiths
  7 shadows
  A black mamba skeleton (Hell)
  A redback (shapeshifter) (Vaults:4)
  27 redbacks
  63 yaks
  11 fire elementals
  3 vampires
  2 wyverns (D:12)
  4 hogs (D:13)
  A fire dragon skeleton (Hell)
  2 hogs (shapeshifter) (Vaults:5)
  8 golden eyes
  A golden eye (shapeshifter) (Vaults:2)
  6 basilisks
  A human (shapeshifter) (Vaults:5)
  Grum (D:9)
  25 vampire mosquitoes
  4 fire bats (Lair:6)
  19 hippogriffs
  A steam dragon (Lair:4)
  4 hungry ghosts
  A faun zombie (Crypt:2)
  A chaos spawn (Zig:1)
  16 wargs
  2 mottled dragons
  39 nagas
  2 spiny frog zombies (Geh:1)
  A hydra simulacrum (Depths:2)
  24 water moccasins
  A swamp worm (shapeshifter) (Depths:4)
  A merfolk skeleton (Crypt:3)
  A porcupine (shapeshifter) (Depths:4)
  14 porcupines
  3 spectral trolls (Depths:2)
  5 hell hounds
  A spectral spriggan (Depths:2)
  69 orc warriors
  A slave (D:5)
  A black bear (Lair:5)
  14 eyes of draining
  25 ice beasts
  2 spiny frog skeletons (Geh:1)
  A swamp drake (Zig:5)
  7 sky beasts
  3 wasps
  A swamp dragon zombie (Hell)
  60 ogres
  A black bear (shapeshifter) (Elf:2)
  6 necrophages
  2 phantoms
  An ice dragon simulacrum (Hell)
  A manticore zombie (Geh:1)
  2 snapping turtle zombies
  A manticore skeleton (Geh:1)
  25 wolves
  15 centaurs
  17 crocodiles
  Blork the orc (D:6)
  10 big kobolds
  An octopode zombie (Crypt:1)
  A fire crab zombie (Crypt:2)
  A human skeleton (Vaults:1)
  26 giant frogs
  A wyvern zombie (D:9)
  A gnoll sergeant (D:6)
  A glowing shapeshifter simulacrum (Vaults:2)
  A merfolk simulacrum (Depths:2)
  A monstrous demonspawn simulacrum (Hell)
  4 earth elementals
  A hippogriff zombie (Shoals:3)
  3 scorpions
  A cyclops skeleton (Crypt:3)
  2 spectral nagas (Depths:2)
  3 spectral ogres (Depths:2)
  12 killer bees
  10 wights
  An electric eel (Lair:6)
  38 jellies
  5 spectral centaurs (Depths:2)
  5 howler monkeys
  4 centaur zombies
  12 crimson imps
  A fire crab simulacrum (Vaults:1)
  4 giant frog zombies
  4 lava snakes (Snake:4)
  A quasit (D:8)
  5 centaur skeletons
  A soldier ant zombie (Crypt:3)
  31 orc wizards
  37 orc priests
  5 giant frog skeletons
  7 hounds
  3 iron imps
  13 iguanas
  8 worker ants
  25 sheep
  A tengu skeleton (Crypt:2)
  A hound zombie (D:5)
  15 mummies
  A worker ant zombie (D:10)
  3 gnolls (D:6)
  2 naga simulacra (Depths:2)
  30 river rats
  15 adders
  A howler monkey skeleton (D:9)
  2 shadow imps
  4 white imps
  A giant eyeball (Depths:2)
  A halfling zombie (Crypt:3)
  An adder skeleton (D:4)
  An adder zombie (D:3)
  3 worms
  A dart slug (D:5)
  5 giant geckos
  151 orcs
  4 ball pythons
  2 bats (D:3)
  A bat zombie (Shoals:3)
  4 giant cockroaches
  4 hobgoblins
  9 jackals
  44 kobolds
  5 quokkas
  A dart slug zombie (Crypt:1)
  3 giant newts
  10 goblins
  A goblin skeleton (Crypt:2)
  A hobgoblin skeleton (Crypt:3)
  A kobold zombie (Crypt:2)
  2 orc skeletons
  A quokka skeleton (D:6)
  7 rats
  2 crawling corpses (Elf:3)
  3 fire vortices (Geh:1)
  A fungus (Lair:8)
  A lost soul (Crypt:3)
  2 plants (Shoals:4)
3100 creatures vanquished.

Vanquished Creatures (collateral kills)
  A juggernaut (Depths:5)
  4 spark wasps (Depths:5)
  An entropy weaver (Depths:5)
  A spriggan air mage (Depths:5)
  2 redbacks (Depths:5)
  A basilisk (D:11)
10 creatures vanquished.

Vanquished Creatures (others)
  A deep elf master archer (Elf:3)
  A deep elf elementalist (Elf:3)
  A salamander stormcaller (Hell)
  4 merfolk javelineers (Shoals:4)
  A yaktaur captain (Vaults:1)
  A deep elf high priest (Elf:3)
  A merfolk aquamancer (Shoals:4)
  A centaur warrior (Vaults:2)
  A hell hog (Hell)
  3 naga sharpshooters
  2 deep elf archers
  An ironbrand convoker (Vaults:5)
  2 deep elf magi
  A water nymph (Shoals:4)
  7 yaktaurs
  A wind drake (Shoals:4)
  A redback (Depths:4)
  A wyvern (Zig:5)
  2 humans (D:13)
  A vampire mosquito (Vaults:1)
  2 slaves (D:4)
  An ogre (Depths:1)
  A wolf (Orc:1)
  2 centaurs
  Dowan (D:4)
  3 wights (Geh:1)
  A crimson imp (D:5)
  A quasit (D:13)
  An orc priest (Vaults:1)
  2 orc wizards
  A centaur simulacrum (D:10)
  2 kobolds (Vaults:3)
  A fire vortex (Hell)
  70 fungi
  7 lost souls
  41 plants
  6 tentacles (Shoals:1)
  88 tentacle segments (Shoals:1)
265 creatures vanquished.

Grand Total: 3375 creatures vanquished

Notes
Turn   | Place    | Note
--------------------------------------------------------------
     0 | D:1      | inmateoo the Ghoul Monk began the quest for the Orb.
     0 | D:1      | Reached XP level 1. HP: 19/19 MP: 0/0
   224 | D:1      | Reached XP level 2. HP: 24/26 MP: 1/1
  1116 | D:2      | Reached XP level 3. HP: 32/32 MP: 2/2
  1212 | D:2      | Reached skill level 5 in Unarmed Combat
  1736 | D:3      | Reached XP level 4. HP: 37/40 MP: 3/3
  1986 | D:3      | Found a snail-covered altar of Cheibriados.
  1986 | D:3      | Found a white marble altar of Elyvilon.
  1986 | D:3      | Found a radiant altar of Vehumet.
  1987 | D:3      | Found a shadowy altar of Dithmenos.
  1988 | D:3      | Found a bloodstained altar of Trog.
  1989 | D:3      | Found a sparkling altar of Nemelex Xobeh.
  1990 | D:3      | Found an oddly glowing altar of Pakellas.
  1991 | D:3      | Found a sacrificial altar of Ru.
  1994 | D:3      | Became a worshipper of Cheibriados the Contemplative
  1994 | D:3      | Reached * piety under Cheibriados
  1994 | D:3      | Reached ** piety under Cheibriados
  2486 | D:4      | You fall through a shaft for 2 floors!
  2545 | D:6      | Found an opulent altar of Gozag.
  2611 | D:6      | Reached XP level 5. HP: 40/46 MP: 4/4
  2666 | D:5      | Entered Level 5 of the Dungeon
  2673 | D:4      | Noticed Pikel
  2673 | D:4      | Noticed a slave
  2673 | D:4      | Noticed a slave
  2673 | D:4      | Noticed a slave
  2673 | D:4      | Noticed a slave
  2678 | D:5      | Noticed Sigmund
  2744 | D:5      | Killed a slave
  2848 | D:5      | Killed Pikel
  2848 | D:5      | Reached skill level 5 in Fighting
  2848 | D:5      | Reached skill level 7 in Unarmed Combat
  2848 | D:5      | Reached XP level 6. HP: 40/56 MP: 5/5
  2848 | D:5      | Reached XP level 7. HP: 44/61 MP: 6/6
  2903 | D:4      | Found Tiecel's Weapon Boutique.
  3034 | D:4      | Noticed Eustachio
  3034 | D:4      | Noticed Duvessa
  3035 | D:4      | Noticed Dowan
  3124 | D:4      | Killed Dowan
  3166 | D:4      | Reached skill level 8 in Unarmed Combat
  3271 | D:4      | Killed Duvessa
  3271 | D:4      | Reached XP level 8. HP: 36/70 MP: 7/7
  3279 | D:4      | Killed Eustachio
  3279 | D:4      | Reached skill level 5 in Dodging
  3681 | D:5      | Killed Sigmund
  3681 | D:5      | Reached skill level 9 in Unarmed Combat
  3797 | D:5      | Reached *** piety under Cheibriados
  3868 | D:5      | Noticed Prince Ribbit
  4203 | D:6      | Reached XP level 9. HP: 79/79 MP: 8/8
  4243 | D:5      | Killed Prince Ribbit
  4243 | D:5      | Reached skill level 10 in Unarmed Combat
  4512 | D:6      | Noticed Blork the orc
  4515 | D:6      | Killed Blork the orc
  4794 | D:6      | Reached **** piety under Cheibriados
  4992 | D:6      | Reached skill level 1 in Invocations
  5327 | D:7      | Found Ybrityot's Magic Scroll Emporium.
  5334 | D:7      | Bought a scroll of teleportation for 39 gold pieces
  5334 | D:7      | Bought a scroll of blinking for 97 gold pieces
  5334 | D:7      | Bought a scroll of teleportation for 39 gold pieces
  5334 | D:7      | Bought a scroll of fear for 45 gold pieces
  5398 | D:7      | Found a staircase to the Ecumenical Temple.
  5431 | D:7      | Reached skill level 11 in Unarmed Combat
  6046 | D:7      | Learned a level 2 spell: Repel Missiles
  6049 | D:7      | Learned a level 2 spell: Blink
  6096 | D:8      | Reached XP level 10. HP: 88/88 MP: 11/11
  6179 | D:8      | Found Qealuan's Magic Scroll Shop.
  6187 | D:8      | Bought a scroll of identify for 32 gold pieces
  6187 | D:8      | Bought a scroll of identify for 32 gold pieces
  6189 | D:8      | Bought a scroll of identify for 32 gold pieces
  6189 | D:8      | Bought a scroll of identify for 32 gold pieces
  6189 | D:8      | Bought 2 scrolls of identify for 64 gold pieces
  6222 | D:8      | Reached ***** piety under Cheibriados
  6277 | D:8      | Found a burning altar of Makhleb.
  6284 | D:8      | Noticed an Executioner
  6307 | D:8      | Found a glowing silver altar of Zin.
  6307 | D:8      | Noticed an angel
  6364 | D:8      | Noticed a gargoyle
  6371 | D:8      | Killed a gargoyle
  6785 | D:9      | Found a staircase to the Lair.
  6787 | D:9      | Reached skill level 12 in Unarmed Combat
  6897 | D:9      | Reached skill level 5 in Invocations
  7010 | D:9      | Noticed a white ugly thing
  7019 | D:9      | Killed a white ugly thing
  7019 | D:9      | Reached XP level 11. HP: 78/97 MP: 12/14
  7219 | D:9      | Found a staircase to the Orcish Mines.
  7227 | D:9      | Noticed Grum
  7241 | D:9      | Killed Grum
  7285 | D:9      | Found Mov Maom's Antique Weapon Emporium.
  7453 | D:9      | Noticed a five-headed hydra
  7469 | D:9      | Killed a five-headed hydra
  7469 | D:9      | Reached skill level 13 in Unarmed Combat
  7605 | D:9      | Found a basalt altar of Yredelemnul.
  7665 | D:9      | Found a shimmering altar of Xom.
  7668 | D:9      | Found a blossoming altar of Fedhas.
  7671 | D:9      | Found an ancient bone altar of Kikubaaqudgha.
  7733 | D:10     | Entered Level 10 of the Dungeon
  7909 | D:10     | Found Rostrokh's Armour Shop.
  7921 | D:10     | Noticed a centaur warrior
  7926 | D:10     | Killed a centaur warrior
  7974 | D:10     | Noticed a brown ugly thing
  7978 | D:10     | Noticed Erica
  7980 | D:10     | Killed a brown ugly thing
  7985 | D:10     | Killed an unseen horror
  7985 | D:10     | Reached skill level 10 in Fighting
  7985 | D:10     | Killed Erica
  8111 | D:10     | Noticed Maurice
  8135 | D:10     | Killed Maurice
  8354 | D:10     | Noticed a five-headed hydra
  8354 | D:10     | Noticed a manticore
  8490 | D:10     | Killed a five-headed hydra
  8490 | D:10     | Reached XP level 12. HP: 87/106 MP: 16/16
  8656 | D:11     | Reached skill level 14 in Unarmed Combat
  8800 | D:11     | Reached ****** piety under Cheibriados
  9008 | D:11     | Found Tyrigoto's Pet Rocks.
  9496 | D:12     | Noticed Nergalle
  9521 | D:11     | Killed Nergalle
 10046 | D:12     | Reached skill level 15 in Unarmed Combat
 10364 | D:12     | Found a portal to a secret trove of treasure.
 10528 | D:11     | Reached XP level 13. HP: 112/116 MP: 18/18
 10708 | Lair:1   | Entered Level 1 of the Lair of Beasts
 11027 | Lair:1   | Got a distressingly furry ring mail
 11064 | Lair:1   | Got a transparent ring mail
 12130 | Lair:3   | Reached skill level 16 in Unarmed Combat
 12142 | Lair:3   | Reached skill level 10 in Dodging
 12173 | Lair:3   | Found a labyrinth entrance.
 12182 | Lab      | Entered a labyrinth
 12193 | Lab      | Identified the +8 ring mail of the Kraken {rCorr Str+7 Stlth+} (You found it on level 1 of the Lair of Beasts)
 12203 | Lab      | Identified the +3 ring mail of Divine Intervention {-Cast rN++ MR+ Dex+2} (You found it on level 1 of the Lair of Beasts)
 12498 | Lab      | Noticed a minotaur
 12505 | Lab      | Killed a minotaur
 12508 | Lab      | Got a twisted helmet
 12528 | Lair:3   | Identified the +1 helmet "Jovy" {Dex+5} (You found it in a labyrinth)
 12531 | Lair:3   | Identified a +2 rod of shadows (13/13) (You found it in a labyrinth)
 13577 | Lair:4   | Found a staircase to the Snake Pit.
 13580 | Lair:4   | Reached skill level 10 in Invocations
 13580 | Lair:4   | Reached XP level 14. HP: 127/127 MP: 20/20
 14372 | Lair:5   | Reached skill level 17 in Unarmed Combat
 14411 | Lair:5   | Found a staircase to the Shoals.
 15398 | Lair:6   | Identified a scroll of acquirement
 16131 | Lair:7   | Reached skill level 18 in Unarmed Combat
 16543 | Lair:8   | Entered Level 8 of the Lair of Beasts
 16546 | Lair:8   | Reached skill level 1 in Armour
 16572 | Lair:8   | Reached XP level 15. HP: 117/136 MP: 21/21
 17132 | Lair:8   | Reached skill level 5 in Armour
 17368 | Lair:8   | Found a staircase to the Slime Pits.
 17429 | Lair:8   | Reached skill level 1 in Spellcasting
 18189 | D:13     | Found a gate to the Vaults.
 18307 | D:13     | Noticed Kirke
 18321 | D:13     | Killed Kirke
 18321 | D:13     | Reached skill level 19 in Unarmed Combat
 18781 | D:14     | Reached XP level 16. HP: 146/146 MP: 22/22
 19230 | D:15     | Entered Level 15 of the Dungeon
 19518 | D:15     | Reached skill level 1 in Shields
 19690 | D:15     | Noticed Rupert
 19698 | D:15     | Killed Rupert
 19858 | D:15     | Found a staircase to the Depths.
 20064 | Depths:1 | Entered Level 1 of the Depths
 20429 | Snake:1  | Entered Level 1 of the Snake Pit
 20491 | Snake:1  | Got a fine cloak
 20502 | Snake:1  | Identified the cursed +0 cloak of Vaun {-Cast rElec rC++ rN+} (You found it on level 1 of the Snake Pit)
 21152 | Snake:2  | Noticed a greater naga
 21156 | Snake:2  | Killed a greater naga
 21296 | Snake:2  | Reached XP level 17. HP: 67/154 MP: 19/23
 21344 | Snake:2  | Reached skill level 15 in Fighting
 21477 | Snake:2  | Reached skill level 20 in Unarmed Combat
 22091 | Snake:3  | Reached skill level 5 in Spellcasting
 22232 | Snake:3  | Found Ysaodit's Distillery.
 22288 | Snake:3  | Bought a potion of curing for 42 gold pieces
 22288 | Snake:3  | Bought a potion of curing for 42 gold pieces
 22288 | Snake:3  | Bought a potion of cancellation for 112 gold pieces
 22288 | Snake:3  | Bought a potion of invisibility for 112 gold pieces
 22288 | Snake:3  | Bought a potion of agility for 56 gold pieces
 22288 | Snake:3  | Bought a potion of agility for 56 gold pieces
 23101 | Snake:4  | Entered Level 4 of the Snake Pit
 23272 | Snake:4  | Noticed Aksel's ghost (adept HOFi)
 23280 | Snake:4  | Killed Aksel's ghost
 23443 | Snake:4  | Reached skill level 10 in Armour
 23958 | Snake:4  | Reached skill level 5 in Shields
 24042 | Snake:4  | Reached XP level 18. HP: 137/163 MP: 26/26
 24339 | Snake:4  | Got a serpentine rune of Zot
 24916 | Orc:1    | Entered Level 1 of the Orcish Mines
 25020 | Orc:1    | Found a frozen archway.
 25068 | IceCv    | Entered an ice cave
 25708 | Orc:2    | Entered Level 2 of the Orcish Mines
 25794 | Orc:2    | Reached skill level 21 in Unarmed Combat
 25987 | Orc:2    | Found a staircase to the Elven Halls.
 26255 | Orc:2    | Found Lank's Antique Armour Shoppe.
 26256 | Orc:2    | Found Zepo Nud's Antique Weapon Shoppe.
 26258 | Orc:2    | Found Owked's General Store.
 26258 | Orc:2    | Found Kusmu's Book Emporium.
 26265 | Orc:2    | Bought a transparent chain mail for 256 gold pieces
 26265 | Orc:2    | Identified the +2 chain mail of Dyspraxia {rElec rPois Regen+ Int-5} (You bought it in a shop on level 2 of the Orcish Mines)
 26285 | Orc:2    | Bought a scroll of identify for 30 gold pieces
 26349 | Orc:2    | Bought a book of Spatial Translocations for 975 gold pieces
 26351 | Orc:2    | Learned a level 1 spell: Apportation
 26354 | Orc:2    | Learned a level 2 spell: Shroud of Golubria
 26359 | Orc:2    | Learned a level 4 spell: Passage of Golubria
 26413 | Elf:1    | Entered Level 1 of the Elven Halls
 26649 | Elf:1    | Reached skill level 1 in Translocations
 26887 | Elf:1    | Reached skill level 1 in Air Magic
 27467 | Elf:2    | Noticed Asterion
 27479 | Elf:2    | Killed Asterion
 27479 | Elf:2    | Reached XP level 19. HP: 146/171 MP: 28/28
 27599 | Elf:2    | Found a huge runed gate.
 27599 | Elf:2    | Found a huge runed gate.
 27600 | Elf:2    | Found a huge runed gate.
 27607 | Elf:2    | Found a huge runed gate.
 27610 | Elf:2    | Found a huge runed gate.
 27761 | Elf:3    | Entered Level 3 of the Elven Halls
 28357 | Elf:3    | Noticed a Brimstone Fiend
 28391 | Elf:3    | Got a vibrating lapis lazuli ring
 28392 | Elf:3    | Identified the ring "Qityenom" {EV+3 Dex+7} (You found it on level 3 of the Elven Halls)
 28465 | Elf:3    | Identified the Volume of Aerial Summoning (You found it on level 3 of the Elven Halls)
 29118 | Elf:3    | Got a jewelled shield
 29119 | Elf:3    | Identified the cursed -3 shield "Iweupenn" {rF- Str+6} (You took it off a deep elf annihilator on level 3 of the Elven Halls)
 29252 | Elf:3    | Noticed a Hell Sentinel
 29367 | Elf:3    | Reached XP level 20. HP: 182/182 MP: 30/30
 29619 | Vaults:1 | Entered Level 1 of the Vaults
 29758 | Vaults:1 | Reached skill level 22 in Unarmed Combat
 29761 | Vaults:1 | Noticed a Brimstone Fiend
 30311 | Vaults:1 | Reached skill level 5 in Translocations
 31596 | Vaults:2 | Reached skill level 5 in Air Magic
 32214 | Vaults:3 | Reached XP level 21. HP: 189/191 MP: 32/32
 32575 | Vaults:3 | Found a staircase to the Crypt.
 33363 | Vaults:3 | Reached skill level 23 in Unarmed Combat
 33899 | Vaults:4 | Reached XP level 22. HP: 190/201 MP: 30/34
 34410 | Vaults:4 | Noticed Saint Roka
 34433 | Vaults:4 | Killed Saint Roka
 35015 | Shoals:1 | Entered Level 1 of the Shoals
 35268 | Shoals:4 | Entered Level 4 of the Shoals
 35268 | Shoals:4 | Noticed Ilsuiw
 35414 | Shoals:4 | Killed Ilsuiw
 35652 | Shoals:4 | Found Lupeqis's Magic Scroll Shoppe.
 35679 | Shoals:4 | Bought 3 scrolls of identify for 90 gold pieces
 35679 | Shoals:4 | Bought a scroll of identify for 30 gold pieces
 35679 | Shoals:4 | Bought a scroll of recharging for 142 gold pieces
 36199 | Shoals:4 | Learned a level 9 spell: Tornado
 36313 | Shoals:4 | Reached skill level 10 in Shields
 36319 | Shoals:4 | Identified the Disquisition on Helpful Dark Arts
 36374 | Shoals:4 | Got a barnacled rune of Zot
 37061 | Shoals:2 | Noticed Polyphemus
 37083 | Shoals:2 | Reached skill level 10 in Spellcasting
 37103 | Shoals:2 | Killed Polyphemus
 37354 | Shoals:2 | Reached XP level 23. HP: 203/209 MP: 36/36
 38344 | Slime:1  | Entered Level 1 of the Pits of Slime
 38495 | Slime:2  | Noticed Dissolution
 38502 | Slime:2  | Paralysed by a giant eyeball for 2 turns
 38509 | Slime:1  | Killed Dissolution
 39174 | Slime:3  | Reached skill level 24 in Unarmed Combat
 39696 | Slime:6  | Entered Level 6 of the Pits of Slime
 40618 | Slime:6  | Noticed the Royal Jelly
 40714 | Slime:6  | Killed the Royal Jelly
 40960 | Slime:6  | Got a scorched ruby amulet
 40961 | Slime:6  | Identified the amulet "Roredotrek" {Inacc rPois rF+ Dex-2} (You found it on level 6 of the Pits of Slime)
 41114 | Slime:6  | Got a slimy rune of Zot
 41637 | D:15     | Reached XP level 24. HP: 218/218 MP: 36/36
 42413 | Crypt:1  | Entered Level 1 of the Crypt
 42492 | Crypt:1  | Noticed Mennas
 42501 | Crypt:1  | Killed Mennas
 42501 | Crypt:1  | Reached skill level 10 in Air Magic
 43306 | Crypt:2  | Noticed Wiglaf
 43332 | Crypt:2  | Killed Wiglaf
 43558 | Crypt:2  | Noticed an ancient lich
 43572 | Crypt:2  | Killed an ancient lich
 43827 | Crypt:3  | Entered Level 3 of the Crypt
 44171 | Crypt:3  | Got a fine chain mail
 44172 | Crypt:3  | Identified the +5 chain mail of the Harvest Moon {Dex+2} (You found it on level 3 of the Crypt)
 44575 | Crypt:3  | Found an ancient bone altar of Kikubaaqudgha.
 44580 | Crypt:3  | Reached skill level 25 in Unarmed Combat
 44580 | Crypt:3  | Reached XP level 25. HP: 228/228 MP: 37/37
 44883 | Crypt:3  | Found a staircase to the Tomb.
 44890 | Crypt:3  | Noticed a greater mummy
 44898 | Crypt:3  | Killed a greater mummy
 45329 | Vaults:5 | Entered Level 5 of the Vaults
 45710 | Vaults:5 | Reached skill level 15 in Armour
 46038 | Vaults:4 | Got a pair of ichor-stained boots
 46049 | Vaults:4 | Identified the +0 pair of boots "Kuclugaj" {rPois} (You acquired it on level 4 of the Vaults)
 46128 | Vaults:5 | Reached XP level 26. HP: 151/238 MP: 37/37
 46376 | Vaults:5 | Learned a level 6 spell: Deflect Missiles
 46464 | Vaults:5 | Got a jewelled cloak
 46465 | Vaults:5 | Identified the +0 cloak of Wonder {-Cast Dex+8 Stlth+} (You found it on level 5 of the Vaults)
 46476 | Vaults:5 | Got a transparent lead ring
 46573 | Vaults:5 | Identified the Reference Book on Ensnaring Snow
 46574 | Vaults:5 | Identified the ring "Qonog" {rN+ MR- MP+9 Str+8 Int-3} (You took it off a yaktaur captain on level 5 of the Vaults)
 46748 | Vaults:5 | Got a silver rune of Zot
 47929 | Depths:1 | Found a gateway to Hell.
 48104 | Hell     | Entered the Vestibule of Hell
 48104 | Hell     | Noticed Geryon
 48135 | Hell     | Killed Geryon
 48330 | Hell     | Reached skill level 26 in Unarmed Combat
 48558 | Hell     | Found a gateway to the ashen valley of Gehenna.
 48606 | Geh:1    | Entered Level 1 of Gehenna
 48606 | Geh:1    | Found a gateway to Hell.
 49022 | Geh:1    | Reached XP level 27. HP: 247/247 MP: 38/38
 49985 | D:12     | You paid a toll of a +5 demon whip to enter a treasure trove
 49986 | Trove    | Entered a treasure trove
 50026 | Trove    | Got a translucent demon trident
 50027 | Trove    | Identified the +9 demon trident "Noczuig" {flame, rC- rN+ Dex+2} (You found it in a treasure trove)
 50431 | Depths:3 | Found a gateway to a ziggurat.
 50748 | Depths:2 | Identified the Handbook of Shifting Summoning
 52422 | Depths:3 | Found a one-way gate to the infinite horrors of the Abyss.
 52423 | Depths:3 | Found a one-way gate leading to the halls of Pandemonium.
 53125 | Depths:4 | Found a shimmering altar of Xom.
 53315 | Depths:5 | Entered Level 5 of the Depths
 53376 | Depths:5 | Reached skill level 27 in Unarmed Combat
 53414 | Depths:5 | Reached skill level 15 in Air Magic
 53470 | Depths:5 | Noticed a juggernaut
 53485 | Depths:5 | Killed a juggernaut
 53955 | Depths:5 | Found Yshriuwer's Food Shoppe.
 54176 | Depths:5 | Found a gate to the Realm of Zot.
 54367 | Zig:1    | Entered Level 1 of a ziggurat
 54383 | Zig:2    | Entered Level 2 of a ziggurat
 54407 | Zig:3    | Entered Level 3 of a ziggurat
 54440 | Zig:4    | Entered Level 4 of a ziggurat
 54482 | Zig:5    | Entered Level 5 of a ziggurat
 54540 | Zig:6    | Entered Level 6 of a ziggurat
 54587 | Zig:6    | Got a faintly humming chain mail
 54588 | Zig:6    | Identified the cursed +1 chain mail "Mapne" {rPois} (You found it on level 6 of a ziggurat)
 54613 | Zig:7    | Entered Level 7 of a ziggurat
 54619 | Zig:7    | Noticed a juggernaut
 54632 | Zig:7    | Killed a juggernaut
 54674 | Zig:7    | Identified the Catalogue of Congealing Transmigration
 54688 | Zig:8    | Entered Level 8 of a ziggurat
 54773 | Zig:8    | Identified the Tome of Summoning
 54786 | Zig:8    | Identified the Catalogue of Earth
 54799 | Zig:9    | Entered Level 9 of a ziggurat
 54807 | Zig:9    | Noticed a juggernaut
 54822 | Zig:9    | Killed a juggernaut
 54921 | Zig:10   | Entered Level 10 of a ziggurat
 54926 | Zig:10   | Noticed a greater mummy
 54926 | Zig:10   | Noticed a greater mummy
 54932 | Zig:10   | Noticed a greater mummy
 54944 | Zig:10   | Killed a greater mummy
 54950 | Zig:10   | Killed a greater mummy
 54981 | Zig:10   | Killed a greater mummy
 55041 | Zig:10   | Got a vibrating zirconium amulet
 55042 | Zig:10   | Identified the amulet "Munucuk" {Harm *Drain *Confuse rF+++ MR+++ Int-5} (You found it on level 10 of a ziggurat)
 55049 | Zig:11   | Entered Level 11 of a ziggurat
 55092 | Zig:11   | HP: 12/268 [emperor scorpion (10)]
 55092 | Zig:11   | HP: 1/268 [emperor scorpion (11)]
 55093 | Zig:11   | Slain by a wolf spider

Vault maps used:
D:1:      dpeg_arrival_round_a
D:2:      minmay_misc_feat_diagonals, minmay_misc_feat_columns
D:3:      minitemple, minmay_misc_feat_doors, kennysheep_generic_room_10
D:4:      first_bread, serial_shops, kennysheep_mini_moat, kennysheep_donut,
          uniq_pikel, uniq_eustachio, uniq_duvessa
D:5:      uniq_sigmund, uniq_prince_ribbit1
D:6:      basic_altar, uniq_blork_the_orc
D:7:      temple_statues, serial_shops, shop, minmay_fire_ice_demons
D:8:      grunt_temple_overflow_order_and_chaos_2, serial_shops,
          nicolae_shop_stone, blue_anna_alchemist
D:9:      kennysheep_little_box, grunt_temple_overflow_diamond,
          minmay_lair_entry_grove, hiddenorc2_lemuel, serial_shops, shop,
          uniq_grum
D:10:     minmay_tri_box, serial_shops, shop, uniq_erica, uniq_maurice
D:11:     guppyfry_shop_earth
D:12:     kennysheep_big_flooded_room, enter_trove_1, uniq_nergalle
D:13:     erik_vaults_1, special_room, uniq_kirke
D:15:     hangedman_depths_entry_try_elsewhere_first, stair_cage_cross,
          minivault_14, uniq_rupert
Lair:1:   grunt_megastairs_4
Lair:2:   beast_lair_carwin_3
Lair:3:   lab_entry_generic, grunt_megastairs_3, serial_bayou_shore_b
Lair:4:   minmay_snake_entry_six_corridors, ice2_lemuel
Lair:5:   elwin_shoals_entry_stream, kilobyte_rumbling_trees,
          lemuel_fruit_fields, serial_bayou_shore_a
Lair:7:   patterned_corridor
Lair:8:   evilmike_catoblepas_cave, minmay_slime_entry_pillars
Shoals:2: uniq_polyphemus
Shoals:3: nicolae_shoals_undead_eyrie
Shoals:4: shoals_end_simple, shoal_ilsuiw, serial_shops, shop
Snake:3:  serial_shops, shop, grunt_megastairs_1
Snake:4:  snake_pit, corexii_hall_statues_i, st_stairs_14
Slime:1:  nicolae_slime_barrier
Slime:2:  dissolution_awaits
Slime:3:  nicolae_slime_welcoming_committee
Orc:1:    portal_ice_cave_entry_animals_and_master
Orc:2:    st_orc_congregation
Elf:1:    minmay_elf_arrival_plus, minmay_elf_crystal_hexagon
Elf:2:    uniq_asterion
Elf:3:    minmay_elf_hall_quartered_circle, nrook_loot_triangle
Vaults:1: v_alt_pattern_6, hangedman_vaults_nodes, ontoclasm_vaults_bender,
          nicolae_vaults_mini_display_case
Vaults:2: dpeg_vaults_monster_row, hangedman_vaults_river_flow,
          nicolae_vaults_triangles, hangedman_vaults_restitches,
          dpeg_vaults_monster_box, ontoclasm_vaults_twist,
          ontoclasm_vaults_gateway, v_misc_8, nicolae_vaults_little_squares_5,
          v_misc_13, nicolae_vaults_angled_halls
Vaults:3: v_misc_22, v_misc_9, minmay_crypt_entry_simple_sparse, v_rooms_1,
          nicolae_vaults_alarming, vaults_dpeg_encased_lava, st_spiral_rooms,
          nicolae_vaults_border_crossing, hangedman_vaults_corner,
          vaults_room_ringed_pool, hangedman_vaults_corner_blocks,
          ontoclasm_vaults_chip
Vaults:4: v_misc_15, ontoclasm_vaults_pinch, nicolae_vaults_shelves_hall,
          vaults_room_octagon, nicolae_vaults_asterisk, vaults_room_glass_cross,
          hangedman_vaults_pinch, ontoclasm_vaults_chip, v_alt_pattern_3,
          vaults_room_corners, ontoclasm_vaults_fault,
          nicolae_vaults_yaktaur_gun_rack, hangedman_vaults_nails,
          uniq_saint_roka
Vaults:5: serial_shops
Crypt:1:  uniq_mennas
Crypt:2:  weyrava_lich_vault, uniq_wiglaf
Crypt:3:  church_of_pain_bobbens
Depths:1: serial_bayou_pond_e, grunt_hell_entry_dis_grunt,
          kennysheep_generic_room_3, firewood_loft
Depths:2: lemuel_river_lethe, hell_entry
Depths:3: grunt_twist_and_shout, enter_ziggurat_a, grunt_pan_entry_spiral,
          abyss_entry, hell_entry, kennysheep_nub, eino_tiny_chamber,
          infiniplex_staircase_pillars_1
Depths:4: due_chaos_kobolds, hangedman_coc_ice_floe, minmay_stone_trees_medium,
          abyss_entry, minislime_mu, minmay_staircase_bubble
Depths:5: grunt_zot_entry_gee_three, hangedman_decor_riveting,
          grunt_mini_vestibule, serial_shops, shop_statue
Geh:1:    grunt_bruiser_brothers
Zig:9:    ziggurat_pillar_centre_dead_trees
Zig:10:   ziggurat_pillar_centre_c
Lab:      labyrinth_skeletal_remains, nicolae_lab_quarters, nicolae_lab_arrow,
          nicolae_lab_diamond, nicolae_lab_big_swirl
Trove:    trove_simple
IceCv:    ice_cave_small_dragons

Skill      XL: |  1  2  3  4  5  6  7  8  9 10 11 12 13 14 15 16 17 18 19 20 21 22 23 24 25 26 27 |
---------------+----------------------------------------------------------------------------------+-----
Unarmed Combat | 5 7 8 9 11 12 13 15 16 18 19 20 21 22 23 24 25 26 27 | 27.0
Dodging        | 3 4 5 6 7 8 9 10 11 13 | 13.5
Fighting       | 4 5 6 7 8 9 10 11 12 13 14 15 16 17 18 19 20 21 | 21.7
Invocations    | 3 5 7 8 10 | 10.1
Armour         | 2 6 8 10 11 12 13 14 15 17 | 17.1
Spellcasting   | 2 4 6 7 8 9 10 11 12 14 | 14.7
Shields        | 3 5 6 7 8 9 10 11 12 13 | 13.3
Translocations | 2 4 6 7 8 |  8.4
Air Magic      | 1 3 5 6 7 9 11 12 13 16 | 16.4
Stealth        | |  2.1

Action                   |  1- 3 |  4- 6 |  7- 9 | 10-12 | 13-15 | 16-18 | 19-21 | 22-24 | 25-27 || total
-------------------------+-------+-------+-------+-------+-------+-------+-------+-------+-------++-------
Melee: Unarmed           |    92 |    94 |   265 |   543 |   993 |  1182 |  1498 |  1919 |  2654 ||  9240
       Dagger            |     3 |     9 |       |       |       |       |       |       |       ||    12
       Falchion          |       |       |     2 |       |       |       |       |       |       ||     2
       Staff             |       |       |       |       |       |       |       |       |    11 ||    11
 Cast: Repel Missiles    |       |       |       |       |       |     1 |     1 |     1 |     2 ||     5
       Apportation       |       |       |       |       |       |       |     4 |       |       ||     4
       Blink             |       |       |       |       |       |       |     1 |       |       ||     1
       Passage of Golubr |       |       |       |       |       |       |       |       |     2 ||     2
Invok: Slouch            |       |       |       |     9 |    10 |    10 |     4 |    14 |    14 ||    61
       Temporal Distorti |       |       |       |       |       |     1 |       |       |       ||     1
Evoke: Wand              |       |       |       |    11 |       |     8 |    13 |     5 |    20 ||    57
       Sack of spiders   |       |       |       |     4 |       |       |     3 |     3 |       ||    10
       Deck              |       |       |       |       |     2 |       |     1 |       |       ||     3
  Use: Scroll            |       |     8 |    15 |    11 |    18 |     8 |    15 |    17 |    31 ||   123
       Potion            |       |     1 |     2 |     1 |     2 |     4 |     2 |     8 |     3 ||    23
 Stab: Sleeping          |     3 |       |       |       |    32 |     9 |       |       |       ||    44
       Distracted        |       |       |       |       |     1 |     5 |     1 |     2 |     1 ||    10
       Invisible         |       |       |       |       |       |       |       |     7 |       ||     7
       Petrified         |       |       |       |       |       |       |       |     2 |       ||     2
       Confused          |       |       |       |       |       |       |       |       |     1 ||     1
  Eat: Chunk             |     6 |     6 |    20 |    62 |    61 |   123 |    57 |    39 |    98 ||   472
       Meat ration       |       |       |       |       |       |       |       |     1 |       ||     1
       Pizza             |       |       |       |       |       |       |       |     1 |       ||     1
       Royal jelly       |       |       |       |       |       |       |       |       |     4 ||     4
       Beef jerky        |       |       |       |       |       |       |       |       |     1 ||     1
